NWL
HILLSBORO HOPS @ ATLANTA (SS-A) BRAVES
09/16/2068
 
TOP OF THE 1ST
Hillsboro Hops batting - Pitching for Atlanta (SS-A) Braves : RHP Kvana Vedananda
Pitching: RHP Kvana Vedananda
Batting: SHB Tim Rollins 0-0: Foul Ball, location: 2F
0-1: Foul Ball, location: 2F
0-2: Foul Ball, location: 2F
0-2: Foul Ball, location: 2F
0-2: Ball
1-2: Ball
2-2: Strikes out swinging
Batting: RHB Bobby Dodgen 0-0: Ball
1-0: Swinging Strike
1-1: Fly out, F9 (Flyball, 9LS, EV 89.4 MPH)
Batting: RHB Josuke Hino 0-0: Ball
1-0: Foul Ball, location: 2F
1-1: Fly out, F8 (Flyball, 8LXD, EV 81.2 MPH)
Top of the 1st over - 0 runs, 0 hits, 0 errors, 0 left on base; Hillsboro 0 - Atlanta (SS-A) 0
BOTTOM OF THE 1ST
Atlanta (SS-A) Braves batting - Pitching for Hillsboro Hops : LHP Isaiah Bray
Pitching: LHP Isaiah Bray
Batting: RHB Juan Cabreja 0-0: Called Strike
0-1: Ball
1-1: Ball
2-1: Ground out 6-3 (Groundball, 6, EV 100.0 MPH)
Batting: SHB Abraham Fevereiro 0-0: Called Strike
0-1: Ball
1-1: Ball
2-1: Ground out 6-3 (Groundball, 6, EV 80.6 MPH)
Batting: RHB Johnny Ceballos 0-0: Ball
1-0: Fly out, F7 (Flyball, 7S, EV 93.1 MPH)
Bottom of the 1st over - 0 runs, 0 hits, 0 errors, 0 left on base; Hillsboro 0 - Atlanta (SS-A) 0
TOP OF THE 2ND
Hillsboro Hops batting - Pitching for Atlanta (SS-A) Braves : RHP Kvana Vedananda
Batting: LHB Jake Wood 0-0: Called Strike
0-1: Ball
1-1: Called Strike
1-2: Strikes out swinging
Batting: SHB Armando Chaves 0-0: Ball
1-0: SINGLE (Groundball, 34D, EV 105.6 MPH)
Batting: SHB William Olivella 0-0: Ball
1-0: Foul Ball, location: 2F
1-1: SINGLE (Groundball, 6M, EV 98.1 MPH) (infield hit)
Armando Chaves to second
Batting: RHB Juan Ramirez 0-0: Ball
1-0: Foul Ball, location: 2F
1-1: Called Strike
1-2: Strikes out swinging
Batting: RHB Casey Sanders 0-0: Called Strike
0-1: Ball
1-1: Ground out 4-3 (Groundball, 4, EV 90.0 MPH)
Top of the 2nd over - 0 runs, 2 hits, 0 errors, 2 left on base; Hillsboro 0 - Atlanta (SS-A) 0
BOTTOM OF THE 2ND
Atlanta (SS-A) Braves batting - Pitching for Hillsboro Hops : LHP Isaiah Bray
Batting: RHB Albert Valles 0-0: SINGLE (Flyball, 89S, EV 86.2 MPH)
Batting: RHB Mark Bate 0-0: Fielders Choice at 2nd, 4-6 (Groundball, 4, EV 101.2 MPH)
Batting: LHB Adam Peed 0-0: Ball
1-0: Ball
2-0: Fielders Choice at 2nd, 3-6 (Groundball, 3, EV 78.1 MPH)
Batting: RHB Manny Gomez 0-0: SINGLE (Flyball, 3D, EV 97.5 MPH)
Adam Peed to second
Throwing error, E9
Adam Peed scores
Manny Gomez to second
Batting: RHB Rich Horton 0-0: Ball
1-0: Ball
2-0: Fly out, F7 (Flyball, 7, EV 92.5 MPH)
Bottom of the 2nd over - 1 run, 2 hits, 1 error, 1 left on base; Hillsboro 0 - Atlanta (SS-A) 1
TOP OF THE 3RD
Hillsboro Hops batting - Pitching for Atlanta (SS-A) Braves : RHP Kvana Vedananda
Batting: RHB Ricky Tobias 0-0: SINGLE (Groundball, 5D, EV 101.9 MPH)
Batting: SHB Tim Rollins 0-0: Called Strike
0-1: Foul Ball, location: 2F
0-2: Foul Ball, location: 2F
0-2: Ball
1-2: Ball
2-2: Ball
3-2: Fielders Choice at 2nd, 4-6 (Groundball, 4, EV 101.2 MPH)
Batting: RHB Bobby Dodgen 0-0: Ball
Tim Rollins steals 2nd base
1-0: Ball
Tim Rollins steals 3rd base
2-0: Ball
3-0: Called Strike
3-1: SINGLE (Groundball, 6MD, EV 99.4 MPH)
Tim Rollins scores
Batting: RHB Josuke Hino 0-0: Ball
1-0: SINGLE (Line Drive, 78S, EV 103.1 MPH)
Bobby Dodgen to second
Batting: LHB Jake Wood 0-0: Ball
1-0: Ball
2-0: Ball
3-0: Called Strike
3-1: Foul Ball, location: 2F
3-2: Base on Balls
Bobby Dodgen to third
Josuke Hino to second
Batting: SHB Armando Chaves 0-0: Called Strike
0-1: SINGLE (Flyball, 3D, EV 93.8 MPH)
Bobby Dodgen scores
Josuke Hino to third
Jake Wood to second
Batting: SHB William Olivella 0-0: Fly out, F9 (Line Drive, 9, EV 90.6 MPH)
Runner from 3rd tags up, OUT at HOME! 9-2
Top of the 3rd over - 2 runs, 4 hits, 0 errors, 2 left on base; Hillsboro 2 - Atlanta (SS-A) 1
BOTTOM OF THE 3RD
Atlanta (SS-A) Braves batting - Pitching for Hillsboro Hops : LHP Isaiah Bray
Batting: LHB Erik Bandy 0-0: SINGLE (Line Drive, 89M, EV 92.5 MPH)
Batting: RHB Juan Cabreja 0-0: Called Strike
0-1: Foul Ball, location: 2F
0-2: Ball
1-2: Fielders Choice at 2nd, 6-4 (Groundball, 6, EV 101.9 MPH)
Batting: SHB Abraham Fevereiro 0-0: Called Strike
0-1: Swinging Strike
0-2: Foul Ball, location: 2F
0-2: SINGLE (Flyball, 8LS, EV 95.6 MPH)
Juan Cabreja to second
Batting: RHB Johnny Ceballos 0-0: Foul Ball, location: 2F
0-1: Called Strike
0-2: SINGLE (Line Drive, 89S, EV 111.9 MPH)
Juan Cabreja to third
Abraham Fevereiro to second
Runner from 3rd tries for Home, throw by CF and OUT! 8-2
Batting: RHB Albert Valles 0-0: Called Strike
0-1: Ball
1-1: Foul Ball, location: 2F
1-2: Foul Ball, location: 2F
1-2: Ball
2-2: Fly out, F1 (Popup, P, EV 85.6 MPH)
Bottom of the 3rd over - 0 runs, 3 hits, 0 errors, 2 left on base; Hillsboro 2 - Atlanta (SS-A) 1
TOP OF THE 4TH
Hillsboro Hops batting - Pitching for Atlanta (SS-A) Braves : RHP Kvana Vedananda
Batting: RHB Juan Ramirez 0-0: Ball
1-0: Ground out 4-3 (Groundball, 4, EV 87.5 MPH)
Batting: RHB Casey Sanders 0-0: Called Strike
0-1: Ball
1-1: Foul Ball, location: 2F
1-2: Ball
2-2: Ground out 6-3 (Groundball, 6M, EV 98.8 MPH)
Batting: RHB Ricky Tobias 0-0: Ball
1-0: Ground out 6-3 (Groundball, 6, EV 104.4 MPH)
Top of the 4th over - 0 runs, 0 hits, 0 errors, 0 left on base; Hillsboro 2 - Atlanta (SS-A) 1
BOTTOM OF THE 4TH
Atlanta (SS-A) Braves batting - Pitching for Hillsboro Hops : LHP Isaiah Bray
Batting: RHB Mark Bate 0-0: Ball
1-0: Called Strike
1-1: Ball
2-1: Called Strike
2-2: Ball
3-2: Strikes out swinging
Batting: LHB Adam Peed 0-0: Foul Ball, location: 2F
0-1: Ball
1-1: Swinging Strike
1-2: Fly out, F2 (Popup, 13S, EV 86.2 MPH)
Batting: RHB Manny Gomez 0-0: Ball
1-0: Called Strike
1-1: Ball
2-1: Ground out 4-3 (Groundball, 4, EV 83.8 MPH)
Bottom of the 4th over - 0 runs, 0 hits, 0 errors, 0 left on base; Hillsboro 2 - Atlanta (SS-A) 1
TOP OF THE 5TH
Hillsboro Hops batting - Pitching for Atlanta (SS-A) Braves : RHP Kvana Vedananda
Batting: SHB Tim Rollins 0-0: Called Strike
0-1: Foul Ball, location: 2F
0-2: Ball
1-2: Ball
2-2: Foul Ball, location: 2F
2-2: Ground out U3 (Groundball, 3, EV 94.4 MPH)
Batting: RHB Bobby Dodgen 0-0: Called Strike
0-1: Foul Ball, location: 2F
0-2: Strikes out swinging
Batting: RHB Josuke Hino 0-0: Fly out, F6 (Popup, 6M, EV 55.6 MPH)
Top of the 5th over - 0 runs, 0 hits, 0 errors, 0 left on base; Hillsboro 2 - Atlanta (SS-A) 1
BOTTOM OF THE 5TH
Atlanta (SS-A) Braves batting - Pitching for Hillsboro Hops : LHP Isaiah Bray
Batting: RHB Rich Horton 0-0: Called Strike
0-1: Ball
1-1: Called Strike
1-2: Foul Ball, location: 2F
1-2: Strikes out looking
Batting: LHB Erik Bandy 0-0: Called Strike
0-1: Ball
1-1: Swinging Strike
1-2: Ball
2-2: Foul Ball, location: 2F
2-2: Ball
3-2: Foul Ball, location: 2F
3-2: Strikes out swinging
Batting: RHB Juan Cabreja 0-0: Ball
1-0: Called Strike
1-1: Swinging Strike
1-2: Strikes out swinging
Bottom of the 5th over - 0 runs, 0 hits, 0 errors, 0 left on base; Hillsboro 2 - Atlanta (SS-A) 1
TOP OF THE 6TH
Hillsboro Hops batting - Pitching for Atlanta (SS-A) Braves : RHP Kvana Vedananda
Batting: LHB Jake Wood 0-0: Ball
1-0: Swinging Strike
1-1: Ball
2-1: Swinging Strike
2-2: Ground out 5-3 (Groundball, 5, EV 83.1 MPH)
Batting: SHB Armando Chaves 0-0: Ball
1-0: Foul Ball, location: 2F
1-1: Fly out, F7 (Flyball, 7, EV 85.6 MPH)
Batting: SHB William Olivella 0-0: SOLO HOME RUN (Flyball, 9LD, EV 97.5 MPH), Distance : 366 ft
Batting: RHB Juan Ramirez 0-0: Called Strike
0-1: Ball
1-1: DOUBLE (Line Drive, 9LM, EV 103.8 MPH)
Batting: RHB Casey Sanders 0-0: Ball
1-0: Called Strike
1-1: Fly out, F8 (Flyball, 8RM, EV 87.5 MPH)
Top of the 6th over - 1 run, 2 hits, 0 errors, 1 left on base; Hillsboro 3 - Atlanta (SS-A) 1
BOTTOM OF THE 6TH
Atlanta (SS-A) Braves batting - Pitching for Hillsboro Hops : LHP Isaiah Bray
Batting: SHB Abraham Fevereiro 0-0: SINGLE (Groundball, 56D, EV 94.4 MPH)
Batting: RHB Johnny Ceballos 0-0: Called Strike
0-1: Ball
1-1: Ball
2-1: DOUBLE (Flyball, 8RXD, EV 112.5 MPH)
Abraham Fevereiro to third
Batting: RHB Albert Valles 0-0: Swinging Strike
0-1: Ball
1-1: Ball
2-1: Ball
3-1: Called Strike
3-2: Base on Balls
Batting: RHB Mark Bate 0-0: Fielders Choice at 3rd, U5 (Groundball, 5L, EV 98.1 MPH)
Abraham Fevereiro scores
Albert Valles to second
Batting: LHB Adam Peed 0-0: Fielders Choice at 2nd, 4-6 (Groundball, 4, EV 81.2 MPH)
Albert Valles to third
Batting: RHB Manny Gomez 0-0: Ball
1-0: Swinging Strike
1-1: Fielders Choice at 2nd, 6-4 (Groundball, 6, EV 87.5 MPH)
Bottom of the 6th over - 1 run, 2 hits, 0 errors, 2 left on base; Hillsboro 3 - Atlanta (SS-A) 2
TOP OF THE 7TH
Hillsboro Hops batting - Pitching for Atlanta (SS-A) Braves : RHP Kvana Vedananda
Pitching: RHP Adam Casias
Batting: RHB Ricky Tobias 0-0: Foul Ball, location: 2F
0-1: Foul Ball, location: 2F
0-2: Ball
1-2: Strikes out swinging
Batting: SHB Tim Rollins 0-0: Swinging Strike
0-1: Ball
1-1: Foul Ball, location: 2F
1-2: Ball
2-2: Strikes out swinging
Batting: RHB Bobby Dodgen 0-0: Called Strike
0-1: Ball
1-1: Called Strike
1-2: Ball
2-2: Foul Ball, location: 2F
2-2: Strikes out swinging
Top of the 7th over - 0 runs, 0 hits, 0 errors, 0 left on base; Hillsboro 3 - Atlanta (SS-A) 2
BOTTOM OF THE 7TH
Atlanta (SS-A) Braves batting - Pitching for Hillsboro Hops : LHP Isaiah Bray
Batting: RHB Rich Horton 0-0: Called Strike
0-1: Foul Ball, location: 2F
0-2: SINGLE (Line Drive, 56, EV 98.1 MPH)
Batting: LHB Erik Bandy 0-0: Ball
1-0: Bunt missed!
1-1: Ball
2-1: Fly out, F7 (Flyball, 7D, EV 80.0 MPH)
Pitching: RHP Ryan Semler
Batting: RHB Juan Cabreja 0-0: Called Strike
0-1: Swinging Strike
0-2: Ball
1-2: Fly out, F6 (Flyball, 56D, EV 91.2 MPH)
Batting: SHB Abraham Fevereiro 0-0: Ball
1-0: Ball
2-0: Foul Ball, location: 2F
2-1: Swinging Strike
2-2: Strikes out swinging
Bottom of the 7th over - 0 runs, 1 hit, 0 errors, 1 left on base; Hillsboro 3 - Atlanta (SS-A) 2
TOP OF THE 8TH
Hillsboro Hops batting - Pitching for Atlanta (SS-A) Braves : RHP Adam Casias
Batting: RHB Josuke Hino 0-0: Called Strike
0-1: Ball
1-1: Ground out 4-3 (Groundball, 4, EV 101.2 MPH)
Batting: LHB Jake Wood 0-0: Ball
1-0: DOUBLE (Line Drive, 8RXD, EV 103.1 MPH)
Batting: SHB Armando Chaves 0-0: Intentional Walk
Batting: SHB William Olivella 0-0: Reached on error, E6 (Groundball, 6, EV 82.5 MPH)
Jake Wood to third
Armando Chaves to second
Batting: RHB Juan Ramirez 0-0: Ball
1-0: Fly out, F7 (Flyball, 78D, EV 103.1 MPH)
Runner from 3rd tags up, SCORES, throw by LF
Armando Chaves to third
Batting: RHB Casey Sanders 0-0: Ball
1-0: SINGLE (Groundball, 56, EV 106.9 MPH) (infield hit)
Armando Chaves scores
William Olivella to second
Batting: RHB Ricky Tobias 0-0: Ball
1-0: Called Strike
1-1: Ball
2-1: SINGLE (Line Drive, 78S, EV 110.0 MPH)
William Olivella to third
Casey Sanders to second
Runner from 3rd tries for Home, SAFE, throw by LF to home
Pitching: RHP Aaron Baez
Batting: SHB Tim Rollins 0-0: Swinging Strike
0-1: Swinging Strike
0-2: Strikes out swinging
Top of the 8th over - 3 runs, 3 hits, 1 error, 2 left on base; Hillsboro 6 - Atlanta (SS-A) 2
BOTTOM OF THE 8TH
Atlanta (SS-A) Braves batting - Pitching for Hillsboro Hops : RHP Ryan Semler
Batting: RHB Johnny Ceballos 0-0: Called Strike
0-1: Swinging Strike
0-2: Ball
1-2: Ball
2-2: Fly out, F4 (Popup, 23, EV 88.8 MPH)
Batting: RHB Albert Valles 0-0: Ball
1-0: Ball
2-0: Called Strike
2-1: Ball
3-1: Base on Balls
Batting: RHB Mark Bate 0-0: Ball
1-0: Foul Ball, location: 2F
1-1: Fielders Choice at 2nd, 4-6 (Groundball, 34, EV 87.5 MPH)
Batting: LHB Adam Peed 0-0: Called Strike
0-1: Called Strike
0-2: Strikes out looking
Bottom of the 8th over - 0 runs, 0 hits, 0 errors, 1 left on base; Hillsboro 6 - Atlanta (SS-A) 2
TOP OF THE 9TH
Hillsboro Hops batting - Pitching for Atlanta (SS-A) Braves : RHP Aaron Baez
Batting: RHB Bobby Dodgen 0-0: Ball
1-0: Called Strike
1-1: Fly out, F8 (Flyball, 78M, EV 88.1 MPH)
Batting: RHB Josuke Hino 0-0: Called Strike
0-1: Ground out U3 (Groundball, 34, EV 85.6 MPH)
Batting: LHB Jake Wood 0-0: DOUBLE (Line Drive, 89M, EV 98.8 MPH)
Batting: SHB Armando Chaves 0-0: Swinging Strike
0-1: Foul Ball, location: 2F
0-2: Ground out 6-3 (Groundball, 6, EV 79.4 MPH)
Top of the 9th over - 0 runs, 1 hit, 0 errors, 1 left on base; Hillsboro 6 - Atlanta (SS-A) 2
BOTTOM OF THE 9TH
Atlanta (SS-A) Braves batting - Pitching for Hillsboro Hops : RHP Ryan Semler
Pitching: LHP Ryan Pino
Batting: RHB Manny Gomez 0-0: Ball
1-0: Called Strike
1-1: Foul Ball, location: 2F
1-2: SINGLE (Groundball, 56D, EV 100.0 MPH)
Batting: RHB Rich Horton 0-0: Swinging Strike
0-1: Ball
1-1: Swinging Strike
1-2: Strikes out swinging
Batting: RHB Leighton Jarrell 0-0: Ball
1-0: Ball
2-0: Ball
3-0: Base on Balls
Manny Gomez to second
Batting: RHB Juan Cabreja 0-0: Foul Ball, location: 2F
0-1: Fielders Choice at 2nd, 6-4 (Groundball, 6, EV 83.8 MPH)
Manny Gomez to third
Batting: SHB Abraham Fevereiro 0-0: Ball
1-0: Ball
2-0: Called Strike
2-1: Ball
3-1: Called Strike
3-2: Foul Ball, location: 2F
3-2: Fly out, F6 (Popup, 6, EV 58.1 MPH)
Bottom of the 9th over - 0 runs, 1 hit, 0 errors, 2 left on base; Hillsboro 6 - Atlanta (SS-A) 2
Sunday, June 20th , 2021 - OOTP Baseball 22.6 Build 56